AoeStats
← TFRaptor22

Nomad

508164563Analyzed
4v4 RM · 11d ago on Sep 21, 2026· 31m 17s· 8 players
Game mode
Random Map
Map size
231×231
Population
200
Speed
Normal
Resources
Standard
Victory
Conquest
Starting age
Dark Age
Ending age
Imperial Age
RankedLock teamsTeams togetherTeam positionsShared explorationLock speedFull tech treeHidden civsTurbo modeCheats
Victory
Defeat
🇺🇸 Koreans · United States
1062
+10
🇺🇸 Maya · United States
971
+13
🇺🇸 Malay · United States
956
+15
🇺🇸 Byzantines · United States
903
+17
1213
-24
🇺🇸 Romans · United States
1028
-17
🇺🇸 Vietnamese · United States
847
-11
🇺🇸 Bohemians · United States
557
-3
TFRaptor22
13:14 Loom
24:08 Feudal Age
31:08 Fishing Lines
domowenss
5:30 Loom
16:09 Feudal Age
19:08 Wheelbarrow
18:56 Double-Bit Axe
20:46 Horse Collar
27:03 Castle Age
Rusker
13:20 Loom
17:34 Feudal Age
19:31 Double-Bit Axe
HarryAndHisBucketFullOfDinosaurs
8:14 Loom
15:35 Feudal Age
22:24 Castle Age
21:17 Wheelbarrow
20:29 Fishing Lines
27:57 Double-Bit Axe
30:14 Gold Mining
Skifree Yeti
4:59 Loom
16:30 Feudal Age
17:23 Double-Bit Axe
18:15 Wheelbarrow
17:29 Fishing Lines
21:41 Castle Age
20:01 Gold Mining
20:02 Stone Mining
21:29 Town Watch
21:55 Fletching
23:25 Hand Cart
23:01 Gillnets
26:49 Town Patrol
27:02 Bow Saw
28:17 Gold Shaft Mining
28:17 Stone Shaft Mining
27:44 Bodkin Arrow
27:59 Forging
27:50 Scale Mail Armor
27:55 Scale Barding Armor
28:10 Light Cavalry
28:51 Husbandry
30:42 Iron Casting
30:22 Chain Mail Armor
Donkey Kong
3:34 Loom
14:54 Feudal Age
15:16 Double-Bit Axe
16:18 Fishing Lines
21:46 Castle Age
22:46 Ballistics
22:22 Murder Holes
23:45 Gold Mining
23:48 Stone Mining
25:16 Squires
25:02 Arson
27:27 Gillnets
28:55 Husbandry
30:26 Forging
30:52 Scale Barding Armor
30:37 Fletching
30:48 Padded Archer Armor
TheChrisMan
5:30 Loom
13:40 Feudal Age
14:57 Double-Bit Axe
17:22 Horse Collar
17:38 Gold Mining
17:39 Stone Mining
21:01 Castle Age
19:43 Arson
19:58 Fishing Lines
21:05 Eagle Warrior
22:47 Bow Saw
22:39 Heavy Plow
23:43 Stone Shaft Mining
23:15 Squires
25:01 Scale Mail Armor
25:12 Forging
25:01 Gillnets
26:23 Chain Mail Armor
27:13 Wheelbarrow
26:25 Town Watch
27:40 Iron Casting
32:57 Imperial Age
31:19 Caravan
Paladin Storch
3:27 Loom
17:57 Feudal Age
20:12 Wheelbarrow
19:26 Double-Bit Axe
29:47 Fishing Lines
Connection lost

Rejoining the realm…

Still unreachable

The connection could not be restored.

Session expired

The server has moved on; the page needs a fresh start.